 Dungeon Crawl Stone Soup version 0.31-a0-986-g5e6e4ef867 (webtiles) character file.

Game seed: 12696514548928381634

308 Zonian the Conjurer (level 6, 0/32 HPs)
             Began as a Deep Elf Conjurer on Nov 10, 2023.
             Shot with an arrow by an orc warrior (11 damage)
             ... on level 3 of the Dungeon.
             The game lasted 00:07:40 (3510 turns).

Zonian the Conjurer (Deep Elf Conjurer)             Turns: 3510, Time: 00:07:41

Health: 0/32       AC:  4    Str:  4    XL:     6   Next: 16%
Magic:  8/15       EV: 13    Int: 25    God:
Gold:   89         SH:  0    Dex: 13    Spells: 12/15 levels left

rFire   . . .        b - +1 short sword
rCold   . . .        (no shield)
rNeg    . . .        a - +1 robe
rPois   .            m - +0 helmet
rElec   .            (no cloak)
rCorr   .            (no gloves)
SInv    .            (no boots)
Will    .....        (no amulet)
Stlth   +++          (no ring)
HPRegen 0.25/turn    (no ring)
MPRegen 0.14/turn

%: no passive effects
@: no status effects
A: no striking features
a: no special abilities


You were on level 3 of the Dungeon.
You visited 1 branch of the dungeon, and saw 4 of its levels.

You collected 89 gold pieces.

Inventory:

Hand Weapons
 b - a +1 short sword (weapon)
Missiles
 c - 3 boomerangs
 e - 5 poisoned darts
 g - 6 datura-tipped darts
Armour
 a - a +1 robe (worn)
 m - a +0 helmet (worn)
Scrolls
 d - 2 scrolls of enchant armour
 f - a scroll of enchant weapon
Potions
 h - a potion of attraction {unknown}
 i - a potion of brilliance
 j - 2 potions of curing {unknown}
 k - a potion of ambrosia {unknown}
 l - a potion of enlightenment {unknown}


   Skills:
 + Level 4.4 Dodging
 + Level 4.6 Stealth
 + Level 5.1 Spellcasting
 + Level 5.5 Conjurations


You had 12 spell levels left.
You knew the following spells:

 Your Spells              Type           Power      Damage    Failure   Level
a - Magic Dart            Conj           100%       1d8       1%          1
b - Searing Ray           Conj           68%        2d6       1%          2

Your spell library contained the following spells:

 Spells                   Type           Power      Damage    Failure   Level
 Dazzling Flash           Conj/Hex       40%        N/A       8%          3
 Fulminant Prism          Conj/Hex       10%        3d9       26%         4
 Iskenderun's Mystic Bla  Conj/Tloc      20%        2d6       26%         4


Dungeon Overview and Level Annotations

Branches:
Dungeon (4/15)
 Temple: D:4-7

Altars:

Shops:
D:1 :

Annotations:
D:3 1 runed translucent door, hgbash's ghost, weakling DEEE


Message History

Hgbash's ghost lets out a mournful wail.
An orc warrior is nearby!
Unknown command.
The orc warrior shouts!
The orc warrior shoots an arrow.
The arrow hits you!!
Ouch! That really hurt!
Unknown command.
Casting: Magic Dart (safe; 1% risk of failure)
Confirm with . or Enter, or press ? or * to list all spells.
Aiming: Searing Ray (safe; 1% risk of failure)
Press: ? - help, Shift-Dir - straight line, f - orc warrior
Aim: an orc warrior, wielding a +0 orcbow and wearing a +0 chain mail (78% to hit)
The searing ray hits the orc warrior!
The orc warrior is moderately wounded. (Press . to maintain the ray.)
The orc warrior shoots an arrow.
The arrow closely misses you.
You hear a shout!
The searing ray hits the orc warrior.
The orc warrior is moderately wounded.
The orc warrior shoots an arrow.
The arrow barely misses you.
Unknown command.
The searing ray hits the orc warrior.
The orc warrior is heavily wounded.
The orc warrior shoots an arrow.
The arrow hits you but does no damage.
Unknown command.
The searing ray hits the orc warrior.
The orc warrior is heavily wounded.
You finish channelling your searing ray.
The orc warrior shoots an arrow.
The arrow hits you.
Unknown command.
Casting: Searing Ray (safe; 1% risk of failure)
Confirm with . or Enter, or press ? or * to list all spells.
Aiming: Searing Ray (safe; 1% risk of failure)
Press: ? - help, Shift-Dir - straight line, f/p - orc warrior
Aim: an orc warrior, wielding a +0 orcbow and wearing a +0 chain mail (heavily wounded, 78% to hit)
The searing ray hits the orc warrior.
The orc warrior is severely wounded. (Press . to maintain the ray.)
The orc warrior shoots an arrow.
The arrow hits you!
You die...

#..# #.#.......# ####
##.####..### ### #....### #.#
####...# #.########o.##########
#########....##..........#...#
#............##..............#
#........................#..>##
#...............@........###..#
#..................##+##.# ##.#
#..................#W~.### #.#
#.......###........#.~.######.###
#.......).#........#.~.#.........
#..................#.~.#.....<...
.....)...(##########.(.#........>
.#.................#####.........
..........########## ##########


You could see an orc warrior.

Vanquished Creatures
  Sigmund (D:2)
  Terence (D:2)
  Robin (D:3)
  4 gnolls (D:2)
  An adder (D:3)
  A dart slug (D:3)
  2 orcs (D:3)
  3 ball pythons (D:2)
  8 endoplasms
  3 giant cockroaches
  11 goblins
  10 hobgoblins
  2 jackals (D:1)
  4 kobolds
  A quokka (D:1)
  3 bats (D:2)
  5 frilled lizards (D:2)
  6 rats
67 creatures vanquished.

Notes
Turn   | Place    | Note
-------+----------+-------------------------------------------
     0 | D:1      | Zonian the Deep Elf Conjurer began the quest for the Orb.
     0 | D:1      | Reached XP level 1. HP: 10/10 MP: 6/6
    38 | D:1      | Found Wiav Jie's Book Shop.
   219 | D:1      | Reached XP level 2. HP: 15/15 MP: 2/8
   629 | D:1      | You fall into a shaft and drop 1 floor!
   985 | D:2      | Reached XP level 3. HP: 19/19 MP: 6/10
  1214 | D:2      | Learned a level 2 spell: Searing Ray
  1275 | D:2      | Noticed Sigmund
  1319 | D:2      | Reached XP level 4. HP: 24/24 MP: 7/12
  1333 | D:2      | Killed Sigmund
  1334 | D:2      | Reached skill level 5 in Conjurations
  1334 | D:2      | Reached XP level 5. HP: 9/28 MP: 0/14
  1908 | D:2      | Noticed Terence
  1991 | D:2      | Killed Terence
  2572 | D:3      | Reached skill level 5 in Spellcasting
  2572 | D:3      | Reached XP level 6. HP: 29/32 MP: 8/15
  2827 | D:3      | Noticed Robin
  2833 | D:3      | Killed Robin
  3057 | D:3      | Found a runed translucent door.
  3064 | D:3      | Noticed an orc warrior
  3068 | D:3      | Noticed hgbash's ghost (weakling DEEE)
  3510 | D:3      | Shot with an arrow by an orc warrior

Illustrated notes

Levels and vault maps discovered:
D:1:      wander_arrival_peaceful_grave, layout_rooms, serial_shops,
          nicolae_shop_rolling_square, amcnicky_mini_rare_corridor_liquid,
          serial_bayou_lagoon_b
D:2:      kennysheep_six_static_rooms, layout_basic, fountainhead,
          kennysheep_generic_room_7, uniq_terence, uniq_sigmund
D:3:      layout_rooms, ebering_ghost_reflecting_pool,
          kennysheep_cross_bottleneck, uniq_robin
D:4:      minmay_chambers_of_fours, layout_basic, kennysheep_nondescript

Skill      XL: |  1  2  3  4  5 |
---------------+----------------+-----
Stealth        | 3 4 |  4.6
Dodging        | 3 4 |  4.4
Spellcasting   | 4 5 |  5.1
Conjurations   | 5 |  5.5

Action                     |  1- 3 |  4- 6 || total
---------------------------+-------+-------++-------
  Melee: Short sword       |       |     1 ||     1
  Throw: Dart              |       |     2 ||     2
   Cast: Magic Dart        |    71 |    55 ||   126
         Searing Ray       |       |     9 ||     9
    Use: Potion            |     3 |       ||     3
         Scroll            |       |     8 ||     8
   Stab: Sleeping          |       |     1 ||     1
 Armour: Robe              |    12 |    18 ||    30
  Dodge: Dodged            |     7 |    14 ||    21

Table legend: (Time is in decaauts)
 A = Elapsed time spent in this place.
 B = Non-inter-level travel time spent in this place.
 C = Inter-level travel time spent in this place.
 D = Time resting spent in this place.
 E = Time spent auto-exploring this place.
 F = Levels seen in this place.
 G = Mean time per level.
                   A        B        C        D        E       F      G
               +--------+--------+--------+--------+--------+-----+--------+
         Total |   3525 |   3382 |    143 |   1245 |   1579 |   4 |  881.2 |
       Dungeon |   3525 |   3382 |    143 |   1245 |   1579 |   4 |  881.2 |
               +--------+--------+--------+--------+--------+-----+--------+

Top non-repeatable levels by time:
     D:2: 1960 daAuts
     D:3: 917 daAuts
     D:1: 639 daAuts
     D:4: 7 daAuts
